 Dungeon Crawl Stone Soup version 0.26-a0-18-g135ff06667 (webtiles) character file.

Game seed: 8581744512870127961, levelgen mode: deterministic

22 Morbidden the Sneak (level 2, -2/22 HPs)
             Began as a Vampire Assassin on May 25, 2020.
             Slain by an adder (4 damage)
             ... on level 1 of the Dungeon.
             The game lasted 00:01:44 (858 turns).

Morbidden the Sneak (Vampire Assassin)               Turns: 858, Time: 00:01:44

Health: -2/22      AC:  3    Str: 10    XL:     2   Next: 68%
Magic:  2/2        EV: 12    Int: 13    God:
Gold:   72         SH:  0    Dex: 15    Spells: 1/1 levels left

rFire    . . .     SeeInvis +   a - +2 dagger
rCold    . . .     Gourm    .   (no shield)
rNeg     . . .     Faith    .   b - +0 robe
rPois    .         Spirit   .   (no helmet)
rElec    .         Reflect  .   c - +0 cloak
rCorr    .         Harm     .   (no gloves)
MR       .....                  (no boots)
Stlth    +++.......             (no amulet)
HPRegen  0.27/turn              (no ring)
MPRegen  0.08/turn              (no ring)

@: stab, regenerating quickly
A: no food, fangs 3, see invisible, unbreathing
a: Exsanguinate


You were on level 1 of the Dungeon.
You were alive.

You visited 1 branch of the dungeon, and saw 2 of its levels.

You collected 72 gold pieces.

Inventory:

Hand Weapons
 a - a +2 dagger (weapon)
Missiles
 d - 8 poisoned darts (quivered)
 e - 2 curare-tipped darts
Armour
 b - a +0 robe (worn)
 c - a +0 cloak (worn)
Scrolls
 f - a scroll of immolation {unknown}
 h - a scroll of identify {unknown}
 i - a scroll of teleportation {unknown}
 j - a scroll of blinking {unknown}
 k - a scroll of enchant armour {unknown}
Potions
 l - a potion of brilliance {unknown}
 m - a potion of lignification {unknown}


   Skills:
 * Level 1.9 Fighting
 + Level 2.6 Short Blades
 + Level 1.7 Throwing
 + Level 1.1 Dodging
 + Level 6.6 Stealth


You had one spell level left.
You didn't know any spells.
Your spell library was empty.

Dungeon Overview and Level Annotations

Branches:
Dungeon (2/15)

Altars:

Annotations:
D:2 Sigmund


Innate Abilities, Weirdness & Mutations

You do not eat.
Your natural rate of healing is unusually fast.
You have razor-sharp teeth.
You have supernaturally acute eyesight. (SInv)
You can survive without breathing.


Message History

The stone closely misses you. The adder bites you but does no damage.
The adder misses you. The adder completely misses you.
The adder bites you but does no damage.
There is an open door here.
You hit the adder.
The adder is lightly wounded.
The adder bites you.
* * * LOW HITPOINT WARNING * * *
You closely miss the adder. The adder bites you.
* * * LOW HITPOINT WARNING * * *
Unknown command.
You aren't carrying any items that you can evoke.
Unknown command.
Unknown command.
It was a potion of stabbing.
You feel ready to backstab. The adder bites you.
You die...

...................##########.##.
...........................%..##.
.........#####+#+#'##############
#........# #.#........#########
#........#####.#........'........
#..............#........#########
#..............'.........#
#........(....g#####.....#
..............gS@........#
...............####......#
.....(...####### #......#
###......# #).....#
###......##########......#
.........#...............#
........(#...............#
....)..................#.#######
......%............#####.......#


You could see an adder, a hobgoblin and a goblin.

Vanquished Creatures
  A dart slug (D:1)
  4 bats (D:1)
  A giant cockroach (D:1)
  4 hobgoblins (D:1)
  2 kobolds (D:1)
  3 goblins (D:1)
  4 rats (D:1)
19 creatures vanquished.

Notes
Turn   | Place    | Note
-------+----------+-------------------------------------------
     0 | D:1      | Morbidden the Vampire Assassin began the quest for the Orb.
     0 | D:1      | Reached XP level 1. HP: 16/16 MP: 1/1
   173 | D:1      | Reached skill level 6 in Stealth
   184 | D:1      | Reached XP level 2. HP: 18/22 MP: 2/2
   826 | D:2      | Noticed Sigmund
   857 | D:1      | HP: 1/22 [adder (3)]
   858 | D:1      | Slain by an adder

Illustrated notes

Levels and vault maps discovered:
D:1:      eino_arrival_water_star, layout_basic
D:2:      layout_rooms, overflow_temple_1_default, first_ration,
          palyth_stone_intersect, lexackson_kobold_supper, uniq_terence,
          uniq_sigmund, uniq_robin

Skill      XL: |  1 |
---------------+----+-----
Stealth        | 6 |  6.6
Fighting       | |  1.9
Short Blades   | |  2.6
Throwing       | |  1.7
Dodging        | |  1.1

Action                   || total
-------------------------++-------
Melee: Dagger            ||    44
       Bite              ||     2
Throw: Dart              ||     7
  Use: Potion            ||     1
 Stab: Sleeping          ||     4
Armor: Robe              ||    15
Dodge: Dodged            ||    28

Table legend:
 A = Non-vault XP
 B = Vault XP
 C = Vault XP percentage of total XP
 D = Non-vault monster count
 E = Vault monster count
 F = Vault count percentage of total count
                 A         B        C        D         E       F
            +---------+---------+-------+---------+---------+-------
      Total |      31 |       1 |   3.1 |      18 |       1 |   5.3
            +---------+---------+-------+---------+---------+-------
        D:1 |      31 |       1 |   3.1 |      18 |       1 |   5.3
            +---------+---------+-------+---------+---------+-------
